 Dungeon Crawl Stone Soup version 0.27.1-1-g398f81649c (webtiles) character file.

Game seed: 14349387935213758449

52 acemry the Changer (level 3, -4/23 HPs)
             Began as an Octopode Transmuter on Sept 7, 2021.
             Slain by a goblin (6 damage)
             ... led by Robin
             ... on level 2 of the Dungeon.
             The game lasted 00:03:05 (1962 turns).

acemry the Changer (Octopode Transmuter)            Turns: 1962, Time: 00:03:05

Health: -4/23      AC:  2    Str:  9    XL:     3   Next: 85%
Magic:  3/6        EV: 19    Int: 16    God:
Gold:   55         SH:  0    Dex: 17    Spells: 2/6 levels left

rFire    . . .     SeeInvis .     - Unarmed
rCold    . . .     Faith    .   (shield currently unavailable)
rNeg     . . .     Spirit   .   (helmet currently unavailable)
rPois    x         Reflect  .   (no amulet)
rElec    .         Harm     .   (no ring)
rCorr    .         Rampage  .   (no ring)
Will     .....                  (no ring)
Stlth    ++........             (no ring)
HPRegen  0.07/turn              (no ring)
MPRegen  0.10/turn              (no ring)
                                (no ring)
                                (no ring)

@: spider-form
A: venomous fangs, almost no armour, (amphibious), 8 rings, tiny, (camouflage
1), (gelatinous body 1), (nimble swimmer 1), (tentacles)
a: End Transformation


You were on level 2 of the Dungeon.
You were a venomous arachnid creature.
You visited 1 branch of the dungeon, and saw 2 of its levels.

You collected 55 gold pieces.

Inventory:

Scrolls
 a - a scroll of teleportation
 c - 2 scrolls of identify
Potions
 b - 2 potions of flight
 d - a potion of degeneration {unknown}
 e - a potion of haste {unknown}


   Skills:
 - Level 1.0 Fighting
 - Level 2.0 Dodging
 - Level 3.0 Unarmed Combat
 - Level 2.0 Spellcasting
 * Level 3.3 Transmutations
 * Level 2.3 Poison Magic


You had 2 spell levels left.
You knew the following spells:

 Your Spells              Type           Power      Damage    Failure   Level
a - Beastly Appendage     Tmut           24%        N/A       16%         1
b - Spider Form           Tmut/Pois      5%         N/A       38%         3

Your spell library contained the following spells:

 Spells                   Type           Power      Damage    Failure   Level
 Wereblood                Tmut           12%        N/A       21%         2
 Animate Skeleton         Necr           2%         N/A       41%         1
 Pain                     Necr           4%         1d4       41%         1
 Vampiric Draining        Necr           0%         2d6       73%         3
 Ice Form                 Ice/Tmut       7%         N/A       87%         4


Dungeon Overview and Level Annotations

Branches:
Dungeon (2/15)

Altars:
Ashenzari
Vehumet

Annotations:
D:2 Robin


Innate Abilities, Weirdness & Mutations

You are a venomous arachnid creature.
You have poisonous fangs.
You are tiny and dextrous.
Your spellcasting is less reliable in this form.
Your armour is entirely melded.
You are incapable of wielding weapons or throwing items.
You cannot wear most types of armour.
((You are amphibious.))
You can wear up to eight rings at the same time.
((Your skin changes colour to match your surroundings (Stealth+).))
((Your rubbery body absorbs attacks. (AC +1, EV +1)))
((You are camouflaged near water. (Stealth+)))
((You have tentacles for arms and can constrict up to eight enemies at once.))


Message History

You turn into a venomous arachnid creature.
The goblin shoots a stone.
The stone hits you.
The goblin unwields a +0 hunting sling.
The goblin wields a +0 club.
The goblin hits you with a +0 club.
You hit the goblin.
You kill the goblin!
Robin throws the goblin at you!
You are too injured to fight recklessly!
You are too injured to fight recklessly!
You are too injured to fight recklessly!
A goblin comes into view. It is wielding a +0 club.
The goblin shouts!
You hear a shout! x2
A goblin comes into view.
It is wielding a +0 dagger of holy wrath.
A goblin comes into view. It is wielding a +0 dagger.
Robin roars a battlecry!
The goblins go into a battle-frenzy!
You hear a shout!
Robin completely misses you.
The goblin shouts!
You hit Robin.
Robin is lightly wounded.
You hear a shout!
The goblin barely misses you. Robin hits you with a +0 trident.
You hit Robin.
Robin is heavily wounded.
The goblin misses you. Robin closely misses you.
You barely miss Robin.
Robin is heavily wounded.
The goblin hits you with a +0 dagger.
* * * LOW HITPOINT WARNING * * *
The goblin shouts!
The goblin no longer looks unusually strong.
The goblin hits you with a +0 club.
* * * LOW HITPOINT WARNING * * *
The goblin barely misses you. x2; Robin hits you with a +0 trident.
* * * LOW HITPOINT WARNING * * *
You hit the goblin.
You kill the goblin!
The goblin hits you with a +0 club.
You die...

........... ##.#.#.......
.... ............ .....
...#.....#....#..##
.#.#..............
.#.#.....#....#..#
.........#....#.g####..#
...............g).g....#
.#.#†....#....#gs#
.#)#.....#....#gg# #
.#.#.....#.#..#..####..###
.#<#......................
.........#.##.#.)####..###
.###.#............... # .#
#.#...#.##....####
#.#...#.##.#.##
#.#...#.##.#.#


You could see Robin and 5 goblins.

Vanquished Creatures
  A worm (D:2)
  2 dart slugs (D:1)
  An endoplasm (D:1)
  3 giant cockroaches (D:1)
  9 goblins
  4 hobgoblins
  2 jackals (D:1)
  2 kobolds (D:1)
  3 quokkas
  4 ball pythons
  3 bats
  3 frilled lizards
  5 rats
42 creatures vanquished.

Notes
Turn   | Place    | Note
-------+----------+-------------------------------------------
     0 | D:1      | acemry the Octopode Transmuter began the quest for the Orb.
     0 | D:1      | Reached XP level 1. HP: 13/13 MP: 3/3
    13 | D:1      | Found a broken altar of Ashenzari.
    80 | D:1      | Reached skill level 1 in Poison Magic
    81 | D:1      | Reached XP level 2. HP: 16/18 MP: 1/5
   457 | D:1      | Reached XP level 3. HP: 15/23 MP: 4/6
   570 | D:1      | Learned a level 3 spell: Spider Form
  1780 | D:2      | Found a radiant altar of Vehumet.
  1946 | D:2      | Noticed Robin
  1962 | D:2      | Slain by a goblin

Illustrated notes

Levels and vault maps discovered:
D:1:      dpeg_arrival_water_altar, layout_basic, patterned_corridor
D:2:      layout_basic, basic_altar, hellmonk_ecumenical_altar_watching_god,
          uniq_robin

Skill      XL: |  1  2  3 |
---------------+----------+-----
Poison Magic   | 1 2 |  2.3
Transmutations | 3 |  3.3
Fighting       | |  1.0
Dodging        | |  2.0
Unarmed Combat | |  3.0
Spellcasting   | |  2.0

Action                   || total
-------------------------++-------
Melee: Unarmed           ||    91
       Kick              ||    24
       Constrict         ||    21
       Tentacles         ||    14
 Cast: Beastly Appendage ||    28
       Spider Form       ||     2
  Use: Scroll            ||     5
 Stab: Sleeping          ||     5
Armor: Skin              ||     4
Dodge: Dodged            ||    53
